 Dungeon Crawl Stone Soup version 0.28.0 (webtiles) character file.

Game seed: 14768642341732690645

3196 Sharkman1231 the Destroyer (level 9, -11/45 HPs)
             Began as a Tengu Conjurer on Feb 8, 2022.
             Was an Initiate of Makhleb.
             Killed by an exploding fulminant prism (21 damage)
             ... on level 7 of the Dungeon.
             The game lasted 00:09:49 (7976 turns).

Sharkman1231 the Destroyer (Tengu Conjurer)         Turns: 7976, Time: 00:09:49

Health: -11/45     AC:  4    Str:  8    XL:     9   Next: 96%
Magic:  14/18      EV: 14    Int: 21    God:    Makhleb [......]
Gold:   13         SH:  0    Dex: 14    Spells: 12/19 levels left

rFire   + . .      SeeInvis .   a - +9 spear "Gexascheale" {venom, +Blink rPois}
rCold   + . .      Faith    .   (no shield)
rNeg    . . .      Spirit   .   o - +1 robe {rF+}
rPois   +          Reflect  .   (helmet restricted)
rElec   .          Harm     .   (no cloak)
rCorr   .          Rampage  .   y - +0 pair of gloves
Will    .....                   (boots unavailable)
Stlth   ++........              (no amulet)
HPRegen 0.15/turn               u - ring of protection from cold
MPRegen 0.16/turn               (no ring)

@: flying quickly and evasively, quick
A: beak, talons 3, nimble flight
a: Renounce Religion, Evoke Blink


You were on level 7 of the Dungeon.
You worshipped Makhleb.
Makhleb was noncommittal.
You visited 2 branches of the dungeon, and saw 8 of its levels.

You collected 265 gold pieces.
You spent 252 gold pieces at shops.

Inventory:

Hand Weapons
 a - the +9 spear "Gexascheale" (weapon) {venom, +Blink rPois}
   (You found it on level 6 of the Dungeon)

   It poisons the flesh of those it strikes.
   rPois:     It protects you from poison.
   +Blink:    It lets you blink.
 x - the +4 spear of Propriety {vorpal, Int+2}
   (You found it on level 2 of the Dungeon)

   It inflicts extra damage upon your enemies.
   Int:       It affects your intelligence (+2).
Missiles
 d - 9 poisoned darts
Armour
 o - a +1 robe of fire resistance (worn)
 y - a +0 pair of gloves (worn)
Jewellery
 u - a ring of protection from cold (left hand)
 B - a ring of fire
Wands
 t - a wand of mindburst (15)
 w - a wand of flame (15)
 A - a wand of polymorph (3)
Scrolls
 b - 4 scrolls of identify {unknown}
 g - 3 scrolls of fog
 h - a scroll of amnesia {unknown}
 k - a scroll of blinking {unknown}
 l - 2 scrolls of fear {unknown}
 m - a scroll of summoning {unknown}
 q - a scroll of noise {unknown}
 r - a scroll of torment {unknown}
 v - 2 scrolls of teleportation {unknown}
 z - a scroll of enchant weapon {unknown}
 D - a scroll of magic mapping {unknown}
Potions
 c - a potion of cancellation {unknown}
 e - 4 potions of might
 f - 3 potions of invisibility {unknown}
 i - 2 potions of mutation
 j - 3 potions of curing
 n - 2 potions of attraction {unknown}
 p - 3 potions of haste {unknown}
 s - 2 potions of lignification {unknown}
 C - a potion of degeneration {unknown}


   Skills:
 + Level 0.0 Fighting
 - Level 6.3 Polearms
 - Level 2.1 Dodging
 - Level 2.0 Stealth
 - Level 5.8 Spellcasting
 - Level 13.1 Conjurations
 - Level 3.6 Hexes


You had 12 spell levels left.
You knew the following spells:

 Your Spells              Type           Power      Damage    Failure   Level
a - Magic Dart            Conj           100%       1d8       1%          1
b - Searing Ray           Conj           100%       2d8       1%          2
c - Fulminant Prism       Conj/Hex       20%        3d13      3%          4

Your spell library contained the following spells:

 Spells                   Type           Power      Damage    Failure   Level
 Dazzling Flash           Conj/Hex       82%        N/A       1%          3
 Iskenderun's Mystic Bla  Conj/Tloc      33%        2d8       7%          4
 Summon Forest            Summ/Tloc      3%         N/A       95%         5
 Eringya's Noxious Bog    Tmut/Pois      3%         N/A       100%        6
 Summon Hydra             Summ           3%         N/A       100%        7


Dungeon Overview and Level Annotations

Branches:
Dungeon (7/15)             Temple (1/1) D:7

Altars:
Ashenzari
Cheibriados
Dithmenos
Elyvilon
Fedhas
Gozag
Hepliaklqana
Kikubaaqudgha
Makhleb
Nemelex Xobeh
Qazlal
Ru
Sif Muna
Trog
Uskayaw
Vehumet
Wu Jian
Xom
Yredelemnul
Zin
The Shining One

Shops:
D:7 (!*


Innate Abilities, Weirdness & Mutations

You have a beak for a mouth.
You have claws for feet.
Your magical nature lets you fly swiftly and evasively.


Message History

The centaur skeleton hits you but does no damage.
The centaur skeleton barely misses you.
You hit the centaur skeleton. You claw the centaur skeleton.
You peck the centaur skeleton.
The centaur skeleton is severely damaged.
The centaur skeleton barely misses you. x2
You completely miss the centaur skeleton.
The centaur skeleton is severely damaged.
The centaur skeleton hits you but does no damage.
The centaur skeleton barely misses you.
You hit the centaur skeleton. You claw the centaur skeleton.
You destroy the centaur skeleton!
Makhleb accepts your kill.
Found 10 gold pieces.
You now have 13 gold pieces (gained 8).
Things that are here:
a +0 shortbow; 10 arrows
There is a strange disturbance nearby!
Casting: Fulminant Prism (dangerous; 3% risk of failure)
Confirm with . or Enter, or press ? or * to list all spells.
Aiming: Fulminant Prism (dangerous; 3% risk of failure)
Press: ? - help, Dir - move target You conjure a prism of explosive energy!
A fulminant prism comes into view.
Something hits you.
Deactivating autopickup; reactivate with Ctrl-A.
Something hits you.
You puncture something! You claw something. Your peck misses something.
Something hits you!
* * * LOW HITPOINT WARNING * * *
Your fulminant prism crackles loudly.
Unknown command.
Casting: Fulminant Prism (dangerous; 3% risk of failure)
Confirm with . or Enter, or press ? or * to list all spells.
You can't see any susceptible monsters within range! (Use Z to cast anyway.)
Something hits you.
* * * LOW HITPOINT WARNING * * *
Your fulminant prism explodes!
The blast of energy engulfs something!!
The blast of energy engulfs you!!
You die...

## .... .# #...# .....
.# #####.#$# ..... .# .
............ .# #.
....#.../.. .#
#.##.#.#...... .#
#....#........ .#
#......#.... .#
#@)......... ##
##..##.......
#...........#
####..###....## ########
#............#
#......####.#..#........
#.# #...∩...#..#.....##.
####>#
#.......#........#
§§§..# #.......#...>....


There were no monsters in sight!

Vanquished Creatures
  A two-headed ogre (D:7)
  Grinder (D:5)
  A hornet (D:5)
  Sigmund (D:2)
  The ghost of suduhmizer the Chopper, an amateur MiBe of Trog (D:4)
  An ice beast (D:4)
  A sky beast (D:5)
  A black bear (D:6)
  2 ogres
  2 centaurs (D:7)
  A kobold brigand (D:6)
  2 scorpions
  3 jellies
  5 wights (D:7)
  2 vampire bats (D:7)
  2 centaur zombies
  2 bullfrog zombies
  2 hounds (D:6)
  2 centaur skeletons
  A gnoll shaman (D:6)
  A bullfrog skeleton (D:7)
  2 iguanas
  Natasha (D:4)
  2 orc wizards
  2 killer bee zombies (D:5)
  A hound skeleton (D:4)
  8 gnolls
  7 adders
  2 hound simulacra (D:4)
  A white imp (D:4)
  An adder zombie (D:5)
  An adder skeleton (D:4)
  2 worms
  2 adder simulacra (D:4)
  2 dart slugs
  16 orcs
  6 endoplasms
  2 giant cockroaches
  5 goblins
  9 hobgoblins
  3 jackals (D:1)
  3 quokkas
  7 ball pythons
  13 bats
  3 frilled lizards
  11 kobolds
  5 rats
152 creatures vanquished.

Vanquished Creatures (others)
  5 fulminant prisms
5 creatures vanquished.

Grand Total: 157 creatures vanquished

Notes
Turn   | Place    | Note
-------+----------+-------------------------------------------
     0 | D:1      | Sharkman1231 the Tengu Conjurer began the quest for the
                  | Orb.
     0 | D:1      | Reached XP level 1. HP: 10/10 MP: 4/4
   252 | D:1      | Reached XP level 2. HP: 15/15 MP: 3/6
   294 | D:1      | Reached skill level 6 in Conjurations
  1054 | D:2      | Reached XP level 3. HP: 19/19 MP: 2/7
  1104 | D:2      | Learned a level 2 spell: Searing Ray
  1365 | D:2      | Reached skill level 7 in Conjurations
  1496 | D:2      | Reached XP level 4. HP: 24/24 MP: 2/8
  1534 | D:2      | Identified the +4 spear of Propriety {vorpal, Int+2}
  1631 | D:2      | Noticed Sigmund
  2321 | D:3      | Noticed a scorpion
  2327 | D:3      | Killed a scorpion
  2328 | D:3      | Reached skill level 1 in Polearms
  2328 | D:3      | Reached skill level 8 in Conjurations
  2328 | D:3      | Gained mutation: Your magical nature lets you fly swiftly
                  | and evasively. [Tengu growth]
  2328 | D:3      | Reached XP level 5. HP: 22/28 MP: 4/9
  2432 | D:3      | Reached XP level 6. HP: 8/32 MP: 2/11
  3305 | D:2      | Killed Sigmund
  3306 | D:2      | Reached skill level 9 in Conjurations
  3418 | D:4      | Reached XP level 7. HP: 36/36 MP: 4/13
  3686 | D:4      | Learned a level 4 spell: Fulminant Prism
  3756 | D:4      | Found a runed translucent gate.
  3950 | D:4      | Noticed Natasha
  3954 | D:4      | Killed Natasha
  4307 | D:4      | Noticed suduhmizer's ghost (amateur MiBe)
  4347 | D:4      | Found a runed translucent gate.
  4347 | D:4      | Found a runed translucent gate.
  4709 | D:5      | Entered Level 5 of the Dungeon
  5044 | D:5      | Reached skill level 10 in Conjurations
  5044 | D:5      | Reached skill level 1 in Hexes
  5106 | D:5      | Noticed a hornet
  5128 | D:5      | Killed a hornet
  5129 | D:5      | Reached XP level 8. HP: 41/41 MP: 2/15
  5378 | D:5      | Noticed Grinder
  5385 | D:5      | Killed Grinder
  5988 | D:6      | Reached skill level 11 in Conjurations
  6144 | D:6      | Identified the +9 spear "Gexascheale" {venom, +Blink rPois}
  6515 | D:6      | Reached skill level 5 in Polearms
  6624 | D:6      | Reached XP level 9. HP: 45/45 MP: 17/17
  6833 | D:7      | Noticed a two-headed ogre
  6921 | D:4      | Killed suduhmizer's ghost
  6922 | D:4      | Reached skill level 5 in Spellcasting
  6982 | D:4      | Reached skill level 12 in Conjurations
  7401 | D:7      | Found a staircase to the Ecumenical Temple.
  7420 | Temple   | Entered the Ecumenical Temple
  7694 | Temple   | Became a worshipper of Makhleb the Destroyer
  7777 | D:7      | Killed a two-headed ogre
  7778 | D:7      | Reached skill level 13 in Conjurations
  7821 | D:7      | Found Pogyd's Antique Weapon Shop.
  7882 | D:7      | Found Acruebb's Distillery.
  7891 | D:7      | Bought a potion of curing for 30 gold pieces
  7891 | D:7      | Bought a potion of might for 40 gold pieces
  7891 | D:7      | Bought a potion of mutation for 80 gold pieces
  7938 | D:7      | Found Yczedeich's Assorted Antiques.
  7948 | D:7      | Bought a smoky white potion for 24 gold pieces
  7948 | D:7      | Bought a fizzy dark potion for 24 gold pieces
  7948 | D:7      | Bought a scroll labelled KACKUAXKONOR for 27 gold pieces
  7948 | D:7      | Bought a scroll labelled CEGOICYUKIO for 27 gold pieces
  7976 | D:7      | Killed by an exploding fulminant prism

Illustrated notes

Levels and vault maps discovered:
D:1:      elethiomel_arrival_infinity_welcomes_careful_drivers, layout_rooms
D:2:      layout_basic, uniq_sigmund
D:3:      layout_loops_corners, st_stairs_14
D:4:      layout_layer_cave, gammafunk_ghost_icy, minmay_diced_spiral,
          uniq_natasha
D:5:      layout_loops_cross, uniq_grinder
D:6:      layout_loops_ring
D:7:      layout_basic, minmay_temple_entry_trees, serial_shops,
          nicolae_shop_stone, shop, shop, shop, nicolae_take_the_stairs,
          minmay_misc_feat_plants, roderic_batcave
Temple:   mainiacjoe_temple_starburst

Skill      XL: |  1  2  3  4  5  6  7  8  9 |
---------------+----------------------------+-----
Conjurations   | 6 7 8 9 10 11 13 | 13.1
Polearms       | 1 3 4 5 6 |  6.3
Spellcasting   | 3 4 5 |  5.8
Hexes          | 1 2 3 |  3.6
Dodging        | |  2.1
Stealth        | |  2.0

Action                   |  1- 3 |  4- 6 |  7- 9 || total
-------------------------+-------+-------+-------++-------
Melee: Unarmed           |     3 |       |       ||     3
       Kick              |     1 |     4 |    36 ||    41
       Punch             |     1 |       |     1 ||     2
       Spear             |       |    33 |   159 ||   192
       Peck              |       |     8 |    18 ||    26
Throw: Dart              |     2 |       |       ||     2
 Cast: Magic Dart        |    61 |    12 |    10 ||    83
       Searing Ray       |     1 |    10 |    23 ||    34
       Fulminant Prism   |       |       |     5 ||     5
  Use: Scroll            |       |       |     1 ||     1
 Stab: Sleeping          |       |     2 |    10 ||    12
       Distracted        |       |       |     2 ||     2
Armor: Robe              |     3 |     1 |    34 ||    38
Dodge: Dodged            |     9 |    15 |   111 ||   135
